 Dungeon Crawl Stone Soup version 0.32-a0-898-g7811c86cf0 (webtiles) character file.

Game seed: 17313044010062089806

215 timneilson the Sneak (level 6, -1/35 HPs)
             Began as a Kobold Enchanter on Apr 5, 2024.
             Slain by an iguana (10 damage)
             ... on level 4 of the Dungeon.
             The game lasted 00:14:52 (3719 turns).

timneilson the Sneak (Kobold Enchanter)             Turns: 3719, Time: 00:14:53

Health: -1/35      AC:  9    Str: 11    XL:     6   Next: 15%
Magic:  9/9        EV: 15    Int: 17    God:
Gold:   143        SH:  0    Dex: 17    Spells: 9/9 levels left

rFire   . . .        a - +1 dagger (spect)
rCold   . . .        (no shield)
rNeg    . . .        k - +0 leather armour
rPois   .            l - +0 helmet
rElec   .            j - +0 cloak
rCorr   .            (no gloves)
SInv    .            (no boots)
Will    .....        (no amulet)
Stlth   ++++         e - +4 ring of protection
HPRegen 0.25/turn    h - +6 ring of strength
MPRegen 0.11/turn

%: no passive effects
@: no status effects
A: small, no large weapons, nightstalker 3
a: no special abilities


You were on level 4 of the Dungeon.
You visited 1 branch of the dungeon, and saw 4 of its levels.

You collected 143 gold pieces.

Inventory:

Hand Weapons
 a - a +1 spectral dagger (weapon)
Missiles
 p - 9 poisoned darts (quivered)
Armour
 j - a +0 cloak (worn)
 k - a +0 leather armour (worn)
 l - a +0 helmet (worn)
Jewellery
 e - a +4 ring of protection (left hand)
 h - a +6 ring of strength (right hand)
Scrolls
 b - a scroll of fear
 q - a scroll of torment {unknown}
 s - 2 scrolls of revelation
Potions
 c - 2 potions of invisibility
 g - 3 potions of mutation
 i - a potion of berserk rage {unknown}
 m - 2 potions of attraction {unknown}
 n - a potion of might {unknown}
 o - a potion of haste {unknown}


   Skills:
 + Level 2.0 Fighting
 * Level 3.9 Short Blades
 + Level 1.5 Armour
 * Level 4.3 Dodging
 + Level 4.9 Stealth
 - Level 2.1 Spellcasting
 - Level 3.0 Hexes


You had 9 spell levels left.
You didn't know any spells.
Your spell library contained the following spells:

 Spells                   Type           Power      Damage    Failure   Level
 Ensorcelled Hibernation  Hex/Ice        12%        N/A       21%         2
 Confusing Touch          Hex            12%        N/A       22%         3
 Tukima's Dance           Hex            12%        N/A       22%         3
 Magic Dart               Conj           4%         1d3       26%         1
 Blink                    Tloc           2%         N/A       36%         2
 Call Imp                 Summ           2%         N/A       36%         2
 Dazzling Flash           Conj/Hex       12%        N/A       38%         3
 Fugue of the Fallen      Necr           1%         N/A       58%         3
 Ozocubu's Armour         Ice            1%         N/A       58%         3
 Manifold Assault         Tloc           0%         N/A       100%        7


Dungeon Overview and Level Annotations

Branches:
Dungeon (4/15)
 Temple: D:4-7

Altars:
Cheibriados
Makhleb

Annotations:
D:4 Pikel


Innate Abilities, Weirdness & Mutations

You are small and have problems with some larger weapons.
You are completely attuned to the shadows.


Message History

The orc wizard flickers and vanishes!
Deactivating autopickup; reactivate with Ctrl-A.
Unknown command.
You hit something but do no damage. The orc closely misses you.
You hear some strange, mumbled words.
A puff of flame appears from out of thin air!
The puff of flame hits you.
Unknown command.
Something hits you but does no damage.
You closely miss the orc.
Your +1 spectral dagger hits the orc.
An iguana comes into view.
Something barely misses your +1 spectral dagger.
The orc completely misses you.
You closely miss the orc.
The orc is lightly wounded.
Your +1 spectral dagger barely misses the orc.
You barely miss the orc.
The orc is lightly wounded.
Your +1 spectral dagger hits the orc.
Something barely misses your +1 spectral dagger.
The orc hits your +1 spectral dagger with a +0 dagger.
Your spectral weapon shares its damage with you!
You closely miss the orc.
The orc is heavily wounded.
Your +1 spectral dagger hits the orc.
Something hits your +1 spectral dagger.
Your spectral weapon shares its damage with you!
* * * LOW HITPOINT WARNING * * *
The orc barely misses your +1 spectral dagger.
You hit the orc.
You kill the orc!
Your +1 spectral dagger disappears.
You hit the orc but do no damage. The iguana barely misses you.
The orc misses you. Something hits you.
* * * LOW HITPOINT WARNING * * *
Unknown command.
You hit the iguana.
The iguana is lightly wounded.
Your +1 spectral dagger hits the iguana but does no damage.
The orc barely misses you. The iguana bites you!
You die...

#.####... .####..##..#
.........# #. #.......#
#.....## #..)#...###..
........####.#####.....#
..........#.## ##..##...
.....###....# ##(l## ..
............###{@## .
..########..##.o### ..#
#.....o.o# #.#
#...####.o.# #.# .. #..#
..# . #.# ..# .. ..##+
#### ..........


You could see an iguana, 2 orcs and a friendly +1 spectral dagger.

Vanquished Creatures
  A lemure (D:3)
  An orc priest (D:2)
  Robin (D:2)
  6 adders
  2 dart slugs (D:3)
  6 ribbon worms
  5 orcs
  7 endoplasms
  3 giant cockroaches
  15 goblins
  9 hobgoblins
  6 jackals (D:1)
  5 quokkas
  4 ball pythons
  9 bats
  A frilled lizard (D:1)
  6 kobolds
  5 rats
92 creatures vanquished.

Notes
Turn   | Place    | Note
-------+----------+-------------------------------------------
     0 | D:1      | timneilson the Kobold Enchanter began the quest for the
                  | Orb.
     0 | D:1      | Reached XP level 1. HP: 10/10 MP: 3/3
   215 | D:1      | Reached XP level 2. HP: 16/16 MP: 5/5
   436 | D:1      | Reached XP level 3. HP: 16/20 MP: 6/6
   891 | D:2      | Reached skill level 1 in Fighting
  1228 | D:2      | Reached XP level 4. HP: 22/25 MP: 7/7
  1260 | D:2      | Reached skill level 1 in Armour
  1384 | D:2      | Noticed Robin
  1431 | D:2      | Killed Robin
  1435 | D:2      | Reached XP level 5. HP: 17/29 MP: 8/8
  2421 | D:3      | Found a snail-covered altar of Cheibriados.
  2608 | D:3      | Found a burning altar of Makhleb.
  2610 | D:3      | Noticed a cacodemon
  2611 | D:3      | Noticed a hellwing
  2611 | D:3      | Noticed a ynoxinul
  3205 | D:4      | Reached XP level 6. HP: 35/35 MP: 9/9
  3488 | D:4      | Noticed Pikel
  3719 | D:4      | Slain by an iguana

Illustrated notes

Levels and vault maps discovered:
D:1:      dpeg_arrival_castle, layout_rooms, hangedman_feature_mirror,
          hangedman_decor_lopped, chequers_serial_rivers_marsh
D:2:      layout_basic, uniq_robin
D:3:      minmay_razor_zed, layout_basic, makhleb_altar_promises_db,
          slow_altar_1
D:4:      dreamdust_elfheim, layout_layer_cave, grunt_temple_overflow_opulence,
          minmay_temple_entry_mini_moons, guppyfry_early_lair_pool, uniq_pikel

Skill      XL: |  1  2  3  4  5 |
---------------+----------------+-----
Short Blades   | 2 3 |  3.9
Dodging        | 3 4 |  4.3
Fighting       | 1 2 |  2.0
Armour         | 1 |  1.5
Stealth        | |  4.9
Spellcasting   | |  2.1
Hexes          | |  3.0

Action                     |  1- 3 |  4- 6 || total
---------------------------+-------+-------++-------
  Melee: Dagger            |   142 |   255 ||   397
    Use: Potion            |     2 |     4 ||     6
         Scroll            |       |     7 ||     7
   Stab: Sleeping          |     8 |    33 ||    41
         Distracted        |     1 |       ||     1
 Armour: Robe              |    55 |       ||    55
         Leather armour    |    10 |   117 ||   127
  Dodge: Dodged            |    91 |   127 ||   218

Table legend: (Time is in decaauts)
 A = Elapsed time spent in this place.
 B = Non-inter-level travel time spent in this place.
 C = Inter-level travel time spent in this place.
 D = Time resting spent in this place.
 E = Time spent auto-exploring this place.
 F = Levels seen in this place.
 G = Mean time per level.
                   A        B        C        D        E       F      G
               +--------+--------+--------+--------+--------+-----+--------+
         Total |   3662 |   3552 |    110 |    248 |   1167 |   4 |  915.5 |
       Dungeon |   3662 |   3552 |    110 |    248 |   1167 |   4 |  915.5 |
               +--------+--------+--------+--------+--------+-----+--------+

Top non-repeatable levels by time:
     D:2: 1456 daAuts
     D:3: 1020 daAuts
     D:1: 812 daAuts
     D:4: 373 daAuts
